 Dungeon Crawl Stone Soup version 0.31.0-11-ge490571c62 (webtiles) character file.

Game seed: 1815972522844268420

1960170 SnakkuSnakku7 the Invulnerable (level 27, 287/287 (292) HPs)
             Began as a Naga Berserker on Feb 3, 2024.
             Was the Champion of Trog.
             Escaped with the Orb
             ... and 3 runes!
             The game lasted 02:00:56 (53539 turns).

SnakkuSnakku7 the Invulnerable (Naga Berserker)    Turns: 53539, Time: 02:00:56

HP:   287/287 (292) AC: 63    Str: 29    XL:     27
MP:   25/25         EV: 12    Int:  7    God:    Trog [******]
Gold: 5269          SH: 16    Dex: 12    Spells: 26/26 levels left

rFire   + . .        a - +9 eveningstar (heavy)
rCold   + + +        S - +1 kite shield {rC+}
rNeg    . . .        b - +6 gold dragon scales
rPois   +            m - +2 helmet "Hojut" {Rampage +Inv rElec Stlth-}
rElec   +            J - +2 cloak {Stlth+}
rCorr   .            V - +2 pair of gloves {infuse}
SInv    +            d - +0 barding
Will    +++..        A - amulet of regeneration Stlth
                     w - +5 ring of evasion
HPRegen 1.47/turn    q - ring "Igoraaf" {rC++ AC+4}
MPRegen 0.19/turn

%: rampage, infuse magic (1 MP)
@: studying Dodging, lightly drained, very slow
A: AC +9, large, see invisible, deformed body, poison resistance, slowness 2,
spit poison 2, naga tail 2, iridescent scales 1, dopey 1, high MP 1, weak 1,
cold vulnerability 1, subdued magic 1, inability to drink after injury 1,
MP-powered wands
0: Orb of Zot
}: 3/15 runes: barnacled, silver, gossamer
a: Breathe Poison Gas, Renounce Religion, Evoke Invisibility, Berserk, Trog's
Hand, Brothers in Arms


You escaped.
You worshipped Trog.
Trog was exalted by your worship.
You visited 10 branches of the dungeon, and saw 48 of its levels.
You visited 1 bazaar.
You also visited: Sewer, Ice Cave and Wizlab.

You collected 9200 gold pieces.
You spent 3931 gold pieces at shops.

Inventory:

Hand Weapons
 a - a +9 heavy eveningstar (weapon)
Missiles
 n - 7 throwing nets
Armour
 b - +6 gold dragon scales (worn)
 d - a +0 barding (worn)
 m - the +2 helmet "Hojut" (worn) {Rampage +Inv rElec Stlth-}
   (You acquired it on level 1 of the Lair of Beasts)

   rElec:     It insulates you from electricity.
   +Inv:      It lets you turn invisible.
   Rampage:   It bestows one free step when moving towards enemies.
   Stlth-:    It makes you less stealthy.
 J - a +2 cloak of stealth (worn)
 S - a +1 kite shield of cold resistance (worn)
 V - a +2 pair of gloves of infusion (worn)
Jewellery
 q - the ring "Igoraaf" (right hand) {rC++ AC+4}
   (You found it on level 5 of the Lair of Beasts)

   [ring of protection]

   AC+4:      It affects your AC (+4).
   rC++:      It greatly protects you from cold.
 w - a +5 ring of evasion (left hand)
 A - an amulet of regeneration (around neck)
 E - the ring "Wicet" {rF+ rCorr}
   (You found it on level 4 of the Vaults)

   [ring of resist corrosion]

   rF+:       It protects you from fire.
   rCorr:     It protects you from acid and corrosion.
 Y - the ring "Heyppuoc" {rF+ Will+ Dex+2}
   (You found it in a wizard's laboratory)

   [ring of protection from fire]

   Dex+2:     It affects your dexterity (+2).
   rF+:       It protects you from fire.
   Will+:     It increases your willpower.
Wands
 r - a wand of light (35)
 F - a wand of digging (17)
 H - a wand of polymorph (24)
 L - a wand of flame (88)
 O - a wand of mindburst (39)
 T - a wand of iceblast (71)
 X - a wand of paralysis (29)
Scrolls
 e - 3 scrolls of summoning
 o - 16 scrolls of teleportation
 p - 2 scrolls of silence
 s - 14 scrolls of fog
 u - 11 scrolls of vulnerability
 v - 6 scrolls of fear
 z - a scroll of immolation
 R - 2 scrolls of poison
 U - 2 scrolls of blinking
Potions
 c - 6 potions of enlightenment
 f - 3 potions of haste
 j - 12 potions of berserk rage
 k - 9 potions of attraction
 l - 8 potions of heal wounds
 t - 2 potions of cancellation
 x - 5 potions of magic
 C - 15 potions of curing
 D - 3 potions of invisibility
 G - 5 potions of might
 I - 6 potions of mutation
 M - 3 potions of resistance
 P - 4 potions of ambrosia
Miscellaneous
 h - a condenser vane
 y - a sack of spiders
 N - a phantom mirror
 Q - a lightning rod (4/4)
 W - a phial of floods


   Skills:
 + Level 25.9 Fighting
 - Level 17.0 Maces & Flails
 O Level 27 Armour
 - Level 10.0 Dodging
 - Level 20.0 Shields
 - Level 10.0 Evocations


You had 26 spell levels left.
You didn't know any spells.
Your spell library was empty.

Dungeon Overview and Level Annotations

Branches:
Dungeon (15/15)            Temple (0/1) D:4            Lair (5/5) D:9
 Shoals (4/4) Lair:2       Spider (4/4) Lair:3        Slime (0/5) Lair:4
    Orc (2/2) D:12            Elf (3/3) Orc:2        Vaults (5/5) D:13
  Crypt (0/3) Vaults:2     Depths (4/4) D:15           Hell (visited)
    Dis (0/7) Hell            Geh (0/7) Hell            Coc (0/7) Hell
    Tar (0/7) Hell            Zot (5/5) Depths:4      Sewer (visited)
  IceCv (visited)          WizLab (visited)

Altars:
Elyvilon
Nemelex Xobeh
Uskayaw
Vehumet
Xom
Zin
The Shining One
Jiyva

Shops:
D:6 [   D:11 (   Orc:2 (?[?   Elf:2 [:   Elf:3 ?   Shoals:3 ?   Vaults:3 [
Depths:1 [   Depths:2 (

Portals:
Hell: Depths:1 Depths:2 Depths:3 Depths:4
Abyss: Lair:3 Depths:2 Depths:3
Pandemonium: Depths:1 Depths:2
Ziggurat: Depths:1
Trove: Elf:3 (give +2 gold dragon scales)

Annotations:
Lair:5 exclusion: obsidian statue
Shoals:2 exclusion: ice statue
Depths:3 exclusion: orange crystal statue
Zot:5 36 runed translucent doors


Innate Abilities, Weirdness & Mutations

Your serpentine skin is tough. (AC +9)
You have supernaturally acute eyesight. (SInv)
Armour fits poorly on your strangely shaped body.
Your system is resistant to poisons. (rPois)
You cover ground very slowly.
You can exhale a cloud of poison.
You can use your snake-like lower body to constrict enemies.
You are partially covered in iridescent scales. (AC +2)
You are dopey. (Int -2)
You have an increased reservoir of magic. (+10% MP)
You are weak. (Str -2)
You are vulnerable to cold. (rC-)
Your spells are a little easier to cast, but a little less powerful.
You occasionally lose the ability to drink potions when taking damage.
You expend magic power (3 MP) to strengthen your wands.


Message History

There is an open door here.
A demonspawn corrupter comes into view. It is wielding a +0 demon trident.
There is a stone staircase leading up here.
You climb upwards.
There is a stone staircase leading down here.
There is an escape hatch in the ceiling here.
A mysterious force pulls you upwards. The hatch slams shut behind you.
As you read the scroll of teleportation, it crumbles to dust.
You feel strangely unstable.
You feel the Orb delaying your translocation!
You start waiting.
Your surroundings suddenly seem different.
An Executioner and a large abomination come into view.
The Executioner gestures.
The Executioner seems to speed up.
There is a stone staircase leading up here.
You block the Executioner's attack. x2; The Executioner hits you.
You climb upwards.
There is a stone staircase leading down here.
There is a stone staircase leading up here.
You climb upwards.
There is a stone staircase leading down here.
There is an open door here.
There is a stone staircase leading up here.
You climb upwards.
There is a stone staircase leading down here.
A cacodemon and 2 orange demons come into view.
The orange demon screeches! x2
The cacodemon gestures at you. The bolt of devastation misses you.
The cacodemon gestures at you.
Strange energies course through your body.
You feel stupid. The cacodemon gestures at you.
The bolt of devastation misses you. The cacodemon gestures at you.
The bolt of devastation misses you. You block the orange demon's attack.
There is a staircase leading out of the dungeon here.
You have escaped!

##......#...#...#......##
#....#...#..#..#...#....#
###.....#..#..#..#..#[....#
###>.......#..#.#.#..#......#
....#...#)..#.#4#.#.#...#...#
#####....##..#.#2#.#..##....#
# #.......##.#4..#.##......#
#.#.......#....(#........#
####.#.######...@...######..#
.....#.......#.....#........#
#..(.......##.#...#.##.....##
..####...##[.#.#.#.#..##...#
######..#...#.#.#.#.#...#..#
.# #.......#..#.#.#..#..(..#
.# #.#....#..#..#..#..#....#
.###.##..#...#..#..#...#..##
......#.....#...#...#.....#


You could see a cacodemon and 2 orange demons.

Vanquished Creatures
  3 ancient liches
  2 dread liches
  5 orbs of fire
  A juggernaut (Depths:2)
  A pandemonium lord (D:11)
  8 Killer Klowns
  Saint Roka (Depths:1)
  Bai Suzhen (Shoals:3)
  2 curse toes (Zot:5)
  3 caustic shrikes (Depths:2)
  Margery (Vaults:3)
  Geryon (Hell)
  10 golden dragons
  Nikola (Shoals:1)
  A Tzitzimitl (Depths:4)
  2 electric golems (Zot:5)
  3 hellephants
  3 liches
  Jorgrun (Spider:3)
  21 Orb Guardians
  10 tentacled monstrosities
  Mlioglotl (Spider:1)
  2 deep elf blademasters
  A moon troll (WizLab)
  3 titans
  4 quicksilver dragons
  3 deep elf master archers
  3 sphinxes
  Agnes (Spider:1)
  2 death cobs
  Frances (D:14)
  4 krakens
  12 tentacled starspawn
  Polyphemus (Shoals:2)
  2 ancient champions (Hell)
  The ghost of iishen the Markscentaur, an adept CeHu of Okawaru (Spider:2)
  12 shadow dragons
  7 tengu reavers
  9 storm dragons
  The ghost of Cuax the Geomancer, an adept GrEE of Vehumet (D:13)
  4 fire giants
  Aizul (Elf:1)
  4 draconian knights
  3 iron dragons
  Ilsuiw (Shoals:3)
  4 draconian monks
  8 emperor scorpions
  17 frost giants
  The ghost of Cumifues the Severer, a journeyman MiMo of Qazlal (Spider:2)
  The ghost of Giytsamn the Skirmisher, a journeyman GnWn of Zin (D:14)
  2 protean progenitors (Zot:5)
  3 spectral caustic shrikes (Depths:3)
  9 deep elf sorcerers
  16 vault wardens
  3 cacodemons
  4 balrugs
  2 spriggan defenders (Depths:3)
  3 ghost moths
  5 deep elf elementalists (Elf:3)
  An orc warlord (Vaults:2)
  A draconian scorcher (Zot:5)
  23 ironbound preservers
  3 draconian stormcallers
  3 spectral juggernauts (Depths:3)
  Louise (D:14)
  The ghost of Situkk the Bludgeoner, a journeyman GrFi of Okawaru (Spider:2)
  5 reapers
  24 very ugly things
  7 draconian annihilators
  The ghost of Cicylist the Cleaver, a journeyman FoFi of Okawaru (D:14)
  The ghost of Cofimnas the Cleaver, a journeyman FoFi of Okawaru (D:13)
  The ghost of Cofimnas the Cleaver, a journeyman FoFi of Okawaru (D:14)
  A broodmother (Spider:4)
  23 stone giants
  7 vampire knights
  7 ironbound thunderhulks
  13 green draconians
  The ghost of Opnastoc the Severer, a journeyman MiBe of Trog (D:14)
  12 deep elf death magi
  8 deep elf annihilators
  The ghost of Kapsuk the Devastator, a journeyman DECj of Sif Muna (D:14)
  The ghost of Vadun the Grappler, a journeyman TrMo of Jiyva (Lair:5)
  12 white draconians
  3 spectral titans (Depths:3)
  4 yellow draconians
  7 black draconians
  The ghost of Jogov the Destroyer, a journeyman DgHW (D:14)
  10 deep elf demonologists (Elf:3)
  9 purple draconians
  6 red draconians
  The ghost of Feulaj the Severer, a journeyman MiBe of Trog (Lair:3)
  17 ettins
  Snorg (D:14)
  7 war gargoyles
  7 dire elephants
  6 spark wasps
  The ghost of Taul the Peltast, a journeyman MiFi of Cheibriados (Spider:2)
  3 eidola (Depths:3)
  5 merfolk javelineers
  2 jiangshi (Depths:2)
  4 blizzard demons
  4 spectral golden dragons (Depths:3)
  Josephine (D:10)
  9 merfolk impalers
  4 entropy weavers
  A quicksilver dragon zombie (Depths:3)
  7 deep elf high priests
  A spectral quicksilver dragon (Depths:3)
  3 spectral tengu (Depths:3)
  11 fire dragons
  2 spectral spriggans (Depths:3)
  18 yaktaur captains
  8 great orbs of eyes
  A spectral sphinx (Depths:3)
  2 jorogumos
  4 rakshasas
  8 ice dragons
  2 juggernaut simulacra (Depths:3)
  7 hydras
  A spriggan skeleton (Depths:2)
  2 peacekeepers (Vaults:4)
  5 merfolk avatars
  27 vault guards
  2 spectral fire giants (Depths:3)
  A spectral shadow dragon (Depths:3)
  2 alligator snapping turtles
  4 spriggan air magi
  8 ogre magi
  2 caustic shrike simulacra
  7 merfolk aquamancers
  A catoblepas (Shoals:2)
  2 radroaches
  Erica (D:11)
  12 boulder beetles
  38 dancing weapons
  2 satyrs (Shoals:4)
  16 centaur warriors
  9 two-headed ogres
  6 deep troll shamans
  A hell hog (Depths:1)
  11 ironbound frosthearts
  5 deep troll earth magi
  4 vampire magi
  8 demonic crawlers
  4 orc high priests
  2 spectral storm dragons (Depths:3)
  5 spriggan berserkers
  10 sun demons
  3 tengu warriors
  2 death yaks (Shoals:2)
  A shock serpent (shapeshifter) (Vaults:5)
  20 hell knights
  11 soul eaters
  A spectral dire elephant (Lair:5)
  19 deep elf knights
  Amaemon (Lair:2)
  A shadow wraith (Vaults:3)
  2 wretched stars (WizLab)
  A sixfirhy (Hell)
  9 skysharks
  9 iron trolls
  4 skeletal warriors
  2 pharaoh ants
  A spark wasp zombie (Depths:1)
  A death drake (Depths:4)
  2 fire crabs
  10 arcanists
  11 orb spiders
  A sea snake (shapeshifter) (Vaults:5)
  A spectral spark wasp (Depths:3)
  14 glowing orange brains
  8 large abominations (Depths:2)
  A glowing orange brain (shapeshifter) (Vaults:5)
  2 spectral iron dragons (Depths:3)
  A spectral anaconda (Lair:5)
  87 deep trolls
  A golden dragon zombie (Depths:1)
  A kraken simulacrum (Hell)
  4 flayed ghosts
  28 harpies
  A bog body (IceCv)
  2 mana vipers (Zot:5)
  An anaconda zombie (Hell)
  An orb spider (shapeshifter) (Vaults:5)
  12 sea snakes
  An obsidian statue (IceCv)
  17 deep elf archers
  2 orange crystal statues
  A sun moth (Spider:2)
  18 ironbound convokers
  13 lindwurms
  12 phantasmal warriors
  4 steelbarb worms
  2 harpies (shapeshifter)
  12 spriggan simulacra
  38 deep elf pyromancers
  12 necromancers
  An anaconda skeleton (Hell)
  28 deep elf zephyrmancers
  3 starcursed masses (WizLab)
  34 ugly things
  2 sphinx simulacra (Depths:3)
  11 orc knights
  A shining eye (shapeshifter) (Vaults:4)
  7 cyclopes
  15 wolf spiders
  An alligator skeleton (Hell)
  7 orc sorcerers
  11 merfolk sirens
  14 moths of wrath
  2 tengu skeletons
  13 manticores
  A mana viper (shapeshifter) (Vaults:5)
  A worldbinder (Lair:3)
  A cyclops (shapeshifter) (Vaults:4)
  A fire giant skeleton (Depths:2)
  3 fauns (Shoals:2)
  13 elephants
  5 black mambas
  A centaur zombie (Hell)
  3 meliai (Spider:2)
  4 kobold blastminers
  6 rust devils
  2 orange demons
  3 torpor snails
  3 eyes of devastation (WizLab)
  An eye of devastation (shapeshifter) (Vaults:5)
  5 molten gargoyles (Hell)
  2 titan simulacra
  2 gargoyles
  A storm dragon simulacrum (Hell)
  A frost giant skeleton (Vaults:1)
  An alligator snapping turtle zombie (Hell)
  15 cane toads
  7 water nymphs
  2 smoke demons (Hell)
  A hellion (Hell)
  A dire elephant skeleton (Lair:5)
  3 unseen horrors
  19 vault sentinels
  3 kobold demonologists
  2 spriggan zombies
  45 yaktaurs
  3 anaconda simulacra (IceCv)
  3 rime drakes
  10 freezing wraiths
  9 komodo dragons
  4 efreet
  7 tengu conjurers
  5 spectral glowing shapeshifters (Depths:3)
  5 trolls
  A golden dragon simulacrum (IceCv)
  A sea snake skeleton (Hell)
  A harpy zombie (Hell)
  28 merfolk
  A hydra zombie (Hell)
  7 ice devils
  A wind drake (shapeshifter) (D:14)
  3 polar bears
  A hellwing (D:11)
  2 alligator simulacra (IceCv)
  14 tarantellas
  2 iron dragon simulacra (Depths:3)
  A spectral elephant (Lair:5)
  3 hydra skeletons (Hell)
  12 hornets
  17 blink frogs
  7 wind drakes
  2 glass eyes (Depths:3)
  14 snapping turtles
  6 dream sheep
  14 culicivoras
  48 slime creatures
  4 air elementals
  5 shadows
  A spriggan (shapeshifter) (Elf:2)
  27 jumping spiders
  A culicivora (shapeshifter) (Lair:3)
  A vampire (D:12)
  9 wraiths
  2 ynoxinuls
  3 dire elephant simulacra
  An ettin skeleton (Vaults:1)
  12 spriggans
  5 wyverns
  56 yaks
  19 water elementals
  2 steam dragons
  3 fire elementals
  2 basilisks
  7 minotaur simulacra (IceCv)
  A redback (shapeshifter) (Vaults:5)
  3 death yak simulacra (Lair:5)
  2 neqoxecs (WizLab)
  14 vampire mosquitoes
  2 chaos spawn (Depths:2)
  A harpy simulacrum (IceCv)
  4 spectral cane toads (Lair:5)
  3 small abominations (Depths:2)
  55 redbacks
  13 water moccasins
  2 hydra simulacra
  2 acid dragons
  26 orc warriors
  A glowing shapeshifter skeleton (Depths:3)
  An ice beast (D:8)
  A black bear (Lair:1)
  2 sky beasts (D:7)
  8 ogres
  18 wolves
  5 centaurs
  A phantom (D:5)
  2 earth elementals (Elf:1)
  3 kobold brigands
  A gnoll sergeant (D:9)
  A scorpion (D:4)
  19 bullfrogs
  8 deep troll simulacra (IceCv)
  A cane toad simulacrum (Lair:5)
  4 jellies
  4 wights
  3 elephant simulacra (Lair:5)
  6 killer bees (D:8)
  2 lindwurm simulacra (IceCv)
  An orc simulacrum (Vaults:1)
  3 electric eels (Spider:4)
  A howler monkey (D:10)
  4 bombardier beetles
  A hound (shapeshifter) (Depths:2)
  A lava snake (D:9)
  24 orc priests
  5 hounds
  Crazy Yiuf (D:4)
  A sleepcap (D:4)
  2 iguanas
  42 orc wizards
  7 hell rats (Lair:3)
  11 gnolls
  A river rat (Sewer)
  8 adders
  A shadow imp (D:6)
  A white imp (D:6)
  2 ufetubi (D:6)
  3 dart slugs
  6 ribbon worms
  53 orcs
  16 ball pythons
  9 endoplasms
  4 giant cockroaches
  10 goblins
  4 hobgoblins (D:2)
  3 quokkas
  5 bats
  4 frilled lizards
  28 kobolds
  9 rats
  An aspiring flesh (Zot:5)
  A butterfly (Lair:2)
  19 starspawn tentacles (WizLab)
  19 tentacles
2424 creatures vanquished.

Vanquished Creatures (collateral kills)
  A blink frog (Lair:2)
  A basilisk (Lair:2)
  A bullfrog (Lair:3)
3 creatures vanquished.

Vanquished Creatures (others)
  An eldritch tentacle (Zot:5)
  A fire giant (Depths:2)
  A deep elf zephyrmancer (Elf:1)
  A yaktaur (Vaults:3)
  A tarantella (Spider:2)
  A jumping spider (Spider:4)
  A redback (Spider:3)
  An orc priest (Orc:2)
  2 orcs
  30 starspawn tentacles
  23 tentacles
63 creatures vanquished.

Grand Total: 2490 creatures vanquished

Notes
Turn   | Place    | Note
-------+----------+-------------------------------------------
     0 | D:1      | SnakkuSnakku7 the Naga Berserker began the quest for the
                  | Orb.
     0 | D:1      | Reached XP level 1. HP: 21/21 MP: 1/1
   116 | D:1      | Reached XP level 2. HP: 28/28 MP: 2/2
   529 | D:2      | Reached XP level 3. HP: 32/34 MP: 3/3
   877 | D:2      | Reached ** piety under Trog
   881 | D:2      | Reached XP level 4. HP: 35/42 MP: 4/4
  1029 | D:2      | Found a faded altar of an unknown god.
  1453 | D:3      | Reached skill level 5 in Maces & Flails
  1943 | D:3      | Reached XP level 5. HP: 46/49 MP: 3/5
  2478 | D:4      | Reached XP level 6. HP: 56/56 MP: 6/6
  2610 | D:4      | Found a staircase to the Ecumenical Temple.
  2637 | D:4      | Reached *** piety under Trog
  3035 | D:4      | Found a runed translucent door.
  3036 | D:4      | Noticed Crazy Yiuf
  3084 | D:5      | Entered Level 5 of the Dungeon
  3086 | D:5      | Found a glowing drain.
  3102 | Sewer    | Entered a sewer
  3436 | Sewer    | HP: 1/53 [crocodile (10)]
  3613 | D:5      | Reached XP level 7. HP: 49/52 MP: 7/7
  4271 | D:6      | Found Empaj's Armour Shop.
  4346 | D:6      | Reached XP level 8. HP: 67/69 MP: 8/8
  4748 | D:6      | Reached skill level 10 in Maces & Flails
  5433 | D:7      | Noticed a wyvern
  5438 | D:7      | Killed a wyvern
  5438 | D:7      | Reached **** piety under Trog
  5470 | D:7      | Reached XP level 9. HP: 75/75 MP: 9/9
  5850 | D:8      | Noticed a troll
  5884 | D:8      | Killed a troll
  6341 | D:8      | Noticed a rakshasa
  6426 | D:6      | Bought a +2 chain mail of cold resistance for 322 gold
                  | pieces
  6584 | D:4      | Killed Crazy Yiuf
  6719 | D:9      | Found a shimmering altar of Xom.
  6719 | D:9      | Noticed a two-headed ogre
  6772 | D:9      | Noticed a troll
  6778 | D:9      | Killed a troll
  6985 | D:9      | Reached XP level 10. HP: 84/84 MP: 10/10
  7084 | D:9      | Found a staircase to the Lair.
  7455 | D:10     | Entered Level 10 of the Dungeon
  7474 | D:10     | Noticed a two-headed ogre
  7500 | D:10     | Killed a two-headed ogre
  7501 | D:10     | Reached skill level 15 in Maces & Flails
  7859 | D:10     | Noticed Josephine
  8131 | Lair:1   | Entered Level 1 of the Lair of Beasts
  8265 | Lair:1   | Reached XP level 11. HP: 77/90 MP: 11/11
  8946 | Lair:1   | Reached skill level 5 in Fighting
  9247 | Lair:1   | Identified 2 scrolls of acquirement
  9247 | Lair:1   | Acquired 996 gold pieces
  9249 | Lair:1   | Acquired the +2 helmet "Hojut" {Rampage +Inv rElec Stlth-}
  9622 | Lair:2   | Reached XP level 12. HP: 64/112 MP: 12/12
 10000 | Lair:2   | Found a staircase to the Shoals.
 10028 | Lair:2   | Reached skill level 10 in Fighting
 10028 | Lair:2   | Reached skill level 2 in Armour
 10231 | Lair:2   | Reached skill level 3 in Armour
 10280 | Lair:3   | Found a hole to the Spider Nest.
 10300 | Lair:3   | Reached ***** piety under Trog
 10321 | Lair:3   | Noticed a rakshasa
 10325 | Lair:3   | Noticed a tentacled starspawn
 10335 | Lair:3   | Noticed Feulaj's ghost (journeyman MiBe)
 10418 | Lair:3   | Noticed Amaemon
 10505 | Lair:2   | Killed Amaemon
 10506 | Lair:2   | Reached skill level 4 in Armour
 10573 | Lair:3   | Reached skill level 5 in Armour
 10634 | Lair:3   | Noticed a boulder beetle
 10646 | Lair:3   | Killed a boulder beetle
 10769 | Lair:3   | Reached skill level 6 in Armour
 10991 | Lair:3   | Found a transporter.
 11003 | Lair:3   | Found a one-way gate to the infinite horrors of the Abyss.
 11036 | Lair:3   | Found a transporter.
 11145 | Lair:4   | Noticed a four-headed hydra
 11156 | Lair:4   | Killed a four-headed hydra
 11157 | Lair:4   | Reached skill level 7 in Armour
 11258 | Lair:4   | Gained mutation: You can use your snake-like lower body to
                  | constrict enemies. [Naga growth]
 11258 | Lair:4   | Reached XP level 13. HP: 115/123 MP: 13/13
 11274 | Lair:4   | Reached skill level 8 in Armour
 11417 | Lair:4   | Found a staircase to the Slime Pits.
 11417 | Lair:4   | Found a viscous altar of Jiyva.
 11732 | Lair:4   | Found a sparkling altar of Nemelex Xobeh.
 11846 | Lair:5   | Entered Level 5 of the Lair of Beasts
 11857 | Lair:4   | Reached skill level 9 in Armour
 11955 | Lair:4   | Received a gift from Trog
 12053 | Lair:5   | Reached skill level 10 in Armour
 12062 | Lair:5   | Reached skill level 1 in Shields
 12242 | Lair:5   | Found a runed translucent gate.
 12242 | Lair:5   | Found a runed translucent gate.
 12242 | Lair:5   | Found a runed translucent gate.
 12244 | Lair:5   | Noticed Vadun's ghost (journeyman TrMo)
 12347 | Lair:5   | Reached skill level 5 in Shields
 12786 | Lair:5   | Noticed a dire elephant
 12786 | Lair:5   | Noticed a dire elephant
 12786 | Lair:5   | Noticed a dire elephant
 12856 | Lair:5   | Reached XP level 14. HP: 111/132 MP: 14/14
 13418 | Lair:5   | Killed a dire elephant
 13431 | Lair:5   | Killed a dire elephant
 13441 | Lair:5   | Killed a dire elephant
 14180 | D:8      | Identified the +8 long sword of Propriety {flame, rN+}
                  | (Trog gifted it to you on level 8 of the Dungeon)
 14180 | D:8      | Received a gift from Trog
 14205 | D:8      | Reached skill level 10 in Shields
 14566 | D:11     | Found a radiant altar of Vehumet.
 14714 | D:11     | Found Pitiufuth's Weapon Shoppe.
 14714 | D:11     | Noticed Erica
 14721 | D:11     | Killed Erica
 15100 | D:12     | Reached skill level 5 in Dodging
 15142 | D:12     | Found a staircase to the Orcish Mines.
 15655 | D:12     | Reached XP level 15. HP: 108/138 MP: 15/15
 15962 | Orc:1    | Entered Level 1 of the Orcish Mines
 16156 | Orc:2    | Entered Level 2 of the Orcish Mines
 16205 | Orc:2    | Found a staircase to the Elven Halls.
 16210 | Orc:2    | Reached ****** piety under Trog
 16596 | Orc:2    | Paralysed by an orc sorcerer for 5 turns
 16671 | Orc:2    | Received a gift from Trog
 16876 | Orc:2    | Found Fotex's Antique Weapon Emporium.
 16876 | Orc:2    | Found Elikhar's Magic Scroll Emporium.
 16877 | Orc:2    | Found Qoij Gai's Magic Scroll Shoppe.
 16881 | Orc:2    | Found Cun Zigauki's Antique Armour Shoppe.
 16941 | Orc:2    | Bought a scroll of enchant armour for 112 gold pieces
 16943 | Orc:2    | Bought a scroll of acquirement for 728 gold pieces
 16945 | Orc:2    | Bought a scroll of identify for 28 gold pieces
 16945 | Orc:2    | Bought a scroll of identify for 28 gold pieces
 16949 | Orc:2    | Bought a shiny plate armour for 962 gold pieces
 17319 | Orc:2    | Received a gift from Trog
 17542 | D:6      | Bought a +2 plate armour of willpower for 600 gold pieces
 18024 | D:13     | Found a gate to the Vaults.
 18294 | D:13     | Reached skill level 10 in Dodging
 18389 | D:14     | Reached skill level 1 in Evocations
 18468 | D:14     | Found a huge runed translucent gate.
 18469 | D:14     | Found a huge runed translucent gate.
 18470 | D:14     | Found a huge runed translucent gate.
 18470 | D:14     | Found a huge runed translucent gate.
 18471 | D:14     | Found a huge runed translucent gate.
 18471 | D:14     | Found a huge runed translucent gate.
 18472 | D:14     | Found a huge runed translucent gate.
 18472 | D:14     | Found a huge runed translucent gate.
 18472 | D:14     | Found a huge runed translucent gate.
 18472 | D:14     | Found a huge runed translucent gate.
 18472 | D:14     | Found a huge runed translucent gate.
 18473 | D:14     | Found a huge runed translucent gate.
 18474 | D:14     | Found a huge runed translucent gate.
 18475 | D:14     | Found a huge runed translucent gate.
 18476 | D:14     | Found a huge runed translucent gate.
 18476 | D:14     | Found a huge runed translucent gate.
 18477 | D:14     | Found a huge runed translucent gate.
 18524 | D:14     | Noticed Louise
 18544 | D:14     | Killed Louise
 18642 | D:14     | Found a huge runed translucent gate.
 18642 | D:14     | Found a huge runed translucent gate.
 18642 | D:14     | Found a huge runed translucent gate.
 18642 | D:14     | Found a huge runed translucent gate.
 18643 | D:14     | Found a huge runed translucent gate.
 18643 | D:14     | Found a huge runed translucent gate.
 18644 | D:14     | Found a huge runed translucent gate.
 18650 | D:14     | Found a huge runed translucent gate.
 18653 | D:14     | Found a huge runed translucent gate.
 18654 | D:14     | Found a huge runed translucent gate.
 18655 | D:14     | Found a huge runed translucent gate.
 18672 | D:14     | Noticed Snorg
 18682 | D:14     | Killed Snorg
 18690 | D:14     | Found a huge runed translucent gate.
 18692 | D:14     | Found a huge runed translucent gate.
 18693 | D:14     | Found a huge runed translucent gate.
 18694 | D:14     | Found a huge runed translucent gate.
 18694 | D:14     | Found a huge runed translucent gate.
 18699 | D:14     | Found a huge runed translucent gate.
 18700 | D:14     | Found a huge runed translucent gate.
 18700 | D:14     | Found a huge runed translucent gate.
 18771 | D:14     | Noticed Frances
 18781 | D:14     | Killed Frances
 18840 | D:14     | Acquired a +1 eveningstar of distortion
 18880 | D:14     | Reached skill level 5 in Evocations
 18936 | D:14     | Identified the +9 halberd "Xuun" {freeze, Fly rC+ Int-4}
 19241 | D:14     | Noticed Kapsuk's ghost (journeyman DECj)
 19241 | D:14     | Noticed Jogov's ghost (journeyman DgHW)
 19241 | D:14     | Noticed Cofimnas's ghost (journeyman FoFi)
 19241 | D:14     | Noticed Giytsamn's ghost (journeyman GnWn)
 19241 | D:14     | Noticed Cuax's ghost (adept GrEE)
 19241 | D:14     | Noticed Cofimnas's ghost (journeyman FoFi)
 19241 | D:14     | Noticed Cicylist's ghost (journeyman FoFi)
 19241 | D:14     | Noticed Opnastoc's ghost (journeyman MiBe)
 19260 | D:15     | Entered Level 15 of the Dungeon
 19288 | D:15     | Reached XP level 16. HP: 126/146 MP: 16/16
 19292 | D:15     | Received a gift from Trog
 19367 | D:15     | Found a glowing golden altar of the Shining One.
 19650 | D:15     | Found a staircase to the Depths.
 19678 | D:15     | Found a hide-covered altar of Uskayaw.
 19711 | D:15     | Found a white marble altar of Elyvilon.
 19712 | D:15     | Found a glowing silver altar of Zin.
 20114 | Spider:1 | Entered Level 1 of the Spider Nest
 20215 | Spider:1 | Identified the +9 trident of Ekushroc {flame, Will+}
 20237 | Spider:1 | Noticed Agnes
 20248 | Spider:1 | Killed Agnes
 20249 | Spider:1 | Reached skill level 10 in Evocations
 20464 | Spider:1 | Received a gift from Trog
 20482 | Spider:1 | Noticed Mlioglotl
 20824 | Spider:1 | Killed Mlioglotl
 21178 | Spider:2 | Identified the +6 long sword of the Aged Coins {protect,
                  | rPois Int+2 Stlth+}
 21722 | Spider:2 | Found a runed translucent gate.
 21723 | Spider:2 | Found a runed translucent gate.
 21723 | Spider:2 | Found a runed translucent gate.
 21723 | Spider:2 | You fall into a shaft and drop 1 floor!
 21805 | Spider:2 | Noticed Taul's ghost (journeyman MiFi)
 21805 | Spider:2 | Noticed Situkk's ghost (journeyman GrFi)
 21806 | Spider:2 | Noticed iishen's ghost (adept CeHu)
 21806 | Spider:2 | Noticed Cumifues's ghost (journeyman MiMo)
 22465 | Spider:3 | Noticed Jorgrun
 22472 | Spider:3 | Killed Jorgrun
 22651 | Spider:3 | Received a gift from Trog
 22960 | Spider:4 | Entered Level 4 of the Spider Nest
 23113 | Spider:4 | Reached XP level 17. HP: 82/153 MP: 17/17
 24108 | Spider:4 | Reached skill level 15 in Shields
 24131 | Spider:4 | Identified the scarf of Abstinence {shadows, rElec rN+
                  | Dex+3}
 24139 | Spider:4 | Got a gossamer rune of Zot
 24176 | Spider:4 | Received a gift from Trog
 24474 | Shoals:1 | Entered Level 1 of the Shoals
 24584 | Shoals:1 | Found a glacial archway.
 24624 | IceCv    | Entered an ice cave
 25069 | IceCv    | Received a gift from Trog
 25075 | IceCv    | Reached XP level 18. HP: 157/171 MP: 18/18
 25312 | Shoals:1 | You fall into a shaft and drop 1 floor!
 25362 | Shoals:2 | Noticed Polyphemus
 25391 | Shoals:2 | Killed Polyphemus
 25868 | Shoals:2 | Received a gift from Trog
 25895 | Shoals:2 | Found a gateway to a bazaar.
 25905 | Bazaar   | Entered a bazaar
 25905 | Bazaar   | Found Tosk's Book Shop.
 25917 | Bazaar   | Found Maclucec's Magic Scroll Shoppe.
 25922 | Bazaar   | Found Piresty's Antique Armour Shoppe.
 25926 | Bazaar   | Found Etylop's Distillery.
 25944 | Bazaar   | Found Heaprocs's Armour Shop.
 25962 | Bazaar   | Bought a potion of heal wounds for 85 gold pieces
 25962 | Bazaar   | Bought a potion of heal wounds for 85 gold pieces
 25962 | Bazaar   | Bought a potion of curing for 51 gold pieces
 26105 | Shoals:2 | Reached skill level 15 in Fighting
 26277 | Shoals:3 | Found Celiaferr's Magic Scroll Shop.
 26294 | Shoals:3 | Bought a scroll of enchant armour for 127 gold pieces
 26294 | Shoals:3 | Bought a scroll of enchant weapon for 127 gold pieces
 26294 | Shoals:3 | Bought a scroll of enchant armour for 127 gold pieces
 26294 | Shoals:3 | Bought a scroll of teleportation for 51 gold pieces
 26294 | Shoals:3 | Bought a scroll of teleportation for 51 gold pieces
 26294 | Shoals:3 | Bought a scroll of fear for 68 gold pieces
 26294 | Shoals:3 | Bought a scroll of blinking for 127 gold pieces
 26496 | Shoals:3 | Noticed Ilsuiw
 26510 | Shoals:3 | Killed Ilsuiw
 26511 | Shoals:3 | Reached skill level 11 in Armour
 26660 | Shoals:3 | Noticed Bai Suzhen
 26670 | Shoals:3 | Killed Bai Suzhen
 26693 | Shoals:3 | Received a gift from Trog
 26843 | Shoals:4 | Entered Level 4 of the Shoals
 26865 | Shoals:4 | Reached skill level 12 in Armour
 26943 | Shoals:4 | Identified the +0 ring mail of Mirth {rElec rF+++ Int-4}
 27099 | Shoals:4 | Reached XP level 19. HP: 186/186 MP: 14/19
 27314 | Shoals:4 | Received a gift from Trog
 27417 | Shoals:4 | Reached skill level 13 in Armour
 27642 | Shoals:4 | Got a barnacled rune of Zot
 27876 | Shoals:1 | Noticed Nikola
 27886 | Shoals:1 | Killed Nikola
 27964 | Lair:3   | Killed Feulaj's ghost
 27967 | Lair:3   | Reached skill level 14 in Armour
 28118 | Lair:5   | Killed Vadun's ghost
 28148 | Lair:5   | Identified the ring "Igoraaf" {rC++ AC+4}
 28310 | D:10     | Killed Josephine
 28508 | D:13     | Killed Cuax's ghost
 28550 | D:13     | Killed Cofimnas's ghost
 28561 | D:13     | Received a gift from Trog
 28594 | D:14     | Killed Giytsamn's ghost
 28686 | D:14     | Killed Jogov's ghost
 28738 | D:14     | Killed Kapsuk's ghost
 28801 | D:14     | Killed Cofimnas's ghost
 28813 | D:14     | Killed Cicylist's ghost
 28831 | D:14     | Identified the +6 longbow "Murmur" {freeze, Fly rN++ SInv}
 28931 | D:14     | Killed Opnastoc's ghost
 28974 | Vaults:1 | Entered Level 1 of the Vaults
 29051 | Vaults:1 | Reached skill level 15 in Armour
 29202 | Vaults:1 | Received a gift from Trog
 29213 | Vaults:1 | Reached XP level 20. HP: 80/196 MP: 0/20
 30189 | Vaults:2 | Found a magical portal.
 30210 | WizLab   | Entered Lehudib's Moon Base
 30257 | WizLab   | Found a transporter.
 30624 | WizLab   | Identified the ring "Heyppuoc" {rF+ Will+ Dex+2}
 30785 | WizLab   | Gained mutation: Potions are less effective at restoring
                  | your health. [a cacodemon]
 30791 | WizLab   | Received a gift from Trog
 30821 | WizLab   | Identified the ring "Ozudd" {Fly Int+4}
 30838 | WizLab   | Found a transporter.
 31027 | WizLab   | Gained mutation: You are frail. (-10% HP) [a neqoxec]
 31101 | WizLab   | Reached XP level 21. HP: 165/174 MP: 13/21
 31225 | WizLab   | Lost mutation: Potions are less effective at restoring your
                  | health. [potion of mutation]
 31225 | WizLab   | Lost mutation: You are very frail. (-20% HP) [potion of
                  | mutation]
 31225 | WizLab   | Gained mutation: You do not regenerate when monsters are
                  | visible. [potion of mutation]
 31225 | WizLab   | Gained mutation: Your muscles are strong. (Str +4, Int/Dex
                  | -1) [potion of mutation]
 31226 | WizLab   | Lost mutation: You do not regenerate when monsters are
                  | visible. [potion of mutation]
 31226 | WizLab   | Lost mutation: Your muscles are strong. (Str +4, Int/Dex
                  | -1) [potion of mutation]
 31226 | WizLab   | Gained mutation: You can exhale a cloud of poison. [potion
                  | of mutation]
 31604 | Vaults:2 | Identified the +12 double sword of Killer Bee's Peril
                  | {flame, rF+} (Trog gifted it to you on level 2 of the
                  | Vaults)
 31604 | Vaults:2 | Received a gift from Trog
 32065 | Vaults:2 | Found a staircase to the Crypt.
 32572 | Vaults:3 | Found Fuplo's Armour Shoppe.
 32836 | Vaults:3 | Reached skill level 16 in Armour
 32958 | Vaults:3 | Received a gift from Trog
 33238 | Vaults:3 | Noticed Margery
 33247 | Vaults:3 | Killed Margery
 33673 | Vaults:3 | Reached skill level 17 in Armour
 33887 | Vaults:3 | Received a gift from Trog
 34352 | Vaults:4 | Reached XP level 22. HP: 227/228 MP: 11/22
 34375 | Vaults:4 | Identified the +9 dagger "Jeaplytz" {spect, MP+9}
 34608 | Vaults:4 | Reached skill level 18 in Armour
 34626 | Vaults:4 | Identified the ring "Wicet" {rF+ rCorr}
 34658 | Vaults:4 | Identified the staff "Docaa" {rC- rN+ Int+6 Dex-4 Summ
                  | Necro}
 34869 | Vaults:4 | Received a gift from Trog
 34880 | Vaults:4 | Noticed a golden dragon
 35147 | Vaults:4 | Received a gift from Trog
 35456 | Vaults:5 | Entered Level 5 of the Vaults
 35479 | Vaults:4 | Reached skill level 19 in Armour
 35788 | Elf:1    | Entered Level 1 of the Elven Halls
 36198 | Elf:1    | Received a gift from Trog
 36452 | Elf:1    | Identified the serpent talisman "Caonif Nirpha" {rF+ rC-
                  | Str+6 Slay-5}
 36452 | Elf:1    | Noticed Aizul
 36459 | Elf:1    | Killed Aizul
 36809 | Elf:2    | Found Tozaxatruu's Book Shoppe.
 36822 | Elf:2    | Found Saopeup's Armour Shoppe.
 36836 | Elf:2    | Reached skill level 20 in Armour
 36921 | Elf:2    | Paralysed by an air elemental for 1 turns
 37051 | Elf:2    | Reached XP level 23. HP: 235/235 MP: 21/23
 37061 | Elf:2    | Received a gift from Trog
 37227 | Elf:2    | Found a huge runed translucent gate.
 37229 | Elf:2    | Found a huge runed translucent gate.
 37229 | Elf:2    | Found a huge runed translucent gate.
 37230 | Elf:2    | Found a huge runed translucent gate.
 37230 | Elf:2    | Found a huge runed translucent gate.
 37673 | Elf:3    | Entered Level 3 of the Elven Halls
 37694 | Elf:3    | Found a portal to a secret trove of treasure.
 37754 | Elf:3    | Found Cackiech's Magic Scroll Shop.
 37763 | Elf:3    | Bought a scroll of blinking for 90 gold pieces
 37763 | Elf:3    | Bought a scroll of blinking for 90 gold pieces
 37763 | Elf:3    | Bought a scroll of teleportation for 36 gold pieces
 37763 | Elf:3    | Bought a scroll of teleportation for 36 gold pieces
 37869 | Elf:3    | Received a gift from Trog
 38006 | Elf:3    | Paralysed by an air elemental for 1 turns
 38117 | Elf:3    | Received a gift from Trog
 38331 | Elf:3    | Identified the +7 scale mail of Wisdom {-Cast Harm rN+
                  | Dex+4}
 38331 | Elf:3    | Identified the +8 executioner's axe "Umeuzar" {freeze,
                  | *Noise Int+4 SInv}
 38338 | Elf:3    | Identified the +10 scimitar of Gozag's Vengeance {drain,
                  | ^Contam rElec rC+}
 38341 | Elf:3    | Identified the orb "Koes" {light, rN+ Slay+5 Hexes}
 38686 | Elf:3    | Identified the +2 robe of the Tsukumogami {Str+8}
 38773 | Elf:3    | Identified the +1 spear of Zoaracha {freeze, ^Drain rElec
                  | Int+3 Dex+2}
 39002 | Depths:1 | Entered Level 1 of the Depths
 39003 | Depths:1 | Noticed Saint Roka
 39095 | Depths:1 | Killed Saint Roka
 39173 | Depths:1 | Received a gift from Trog
 39230 | Depths:1 | Identified the +6 lajatang "Ypiotai" {pain, rElec Int-2
                  | Stlth+}
 39230 | Depths:1 | Identified the +5 longbow of the Shark {elec, rElec rF++
                  | Will- Int+2}
 39511 | Depths:1 | Found a one-way gateway to a ziggurat.
 39558 | Depths:1 | Found Finyes's Antique Armour Shoppe.
 39711 | Depths:1 | Reached XP level 24. HP: 239/244 MP: 17/23
 39856 | Depths:1 | Found a one-way gate leading to the halls of Pandemonium.
 40064 | Depths:1 | Found a gateway to Hell.
 40204 | Depths:2 | Found a sparkling altar of Nemelex Xobeh.
 40363 | Depths:2 | Noticed a caustic shrike
 40363 | Depths:2 | Noticed a caustic shrike
 40370 | Depths:2 | Killed a caustic shrike
 40371 | Depths:2 | Noticed a caustic shrike
 40376 | Depths:2 | Killed a caustic shrike
 40387 | Depths:2 | Killed a caustic shrike
 40591 | Depths:2 | Noticed a juggernaut
 40599 | Depths:2 | Killed a juggernaut
 40618 | Depths:2 | Identified the ring "Teces" {rPois Int+6}
 40767 | Depths:2 | Received a gift from Trog
 40907 | Depths:2 | Reached skill level 21 in Armour
 41049 | Depths:2 | Identified the +8 dagger of Valuable Assets {freeze, rF-
                  | rC++ rN++}
 41305 | Depths:2 | Found Layxt's Weapon Shoppe.
 41430 | Depths:3 | Reached skill level 22 in Armour
 41432 | Depths:3 | Received a gift from Trog
 41714 | Depths:4 | Entered Level 4 of the Depths
 42097 | Depths:3 | Reached XP level 25. HP: 223/243 MP: 19/23
 42161 | Depths:3 | Reached skill level 23 in Armour
 42354 | Depths:3 | Received a gift from Trog
 43516 | Depths:4 | Reached skill level 24 in Armour
 43829 | Depths:4 | Received a gift from Trog
 43858 | Depths:4 | Found a gate to the Realm of Zot.
 44553 | Depths:3 | Identified the +2 morningstar of Objectivity {heavy,
                  | ^Contam Fly rN+ Stlth+} (Trog gifted it to you on level 3
                  | of the Depths)
 44553 | Depths:3 | Received a gift from Trog
 44659 | Depths:3 | Reached skill level 25 in Armour
 44822 | Depths:3 | Reached XP level 26. HP: 245/246 MP: 14/23
 44829 | Depths:3 | Identified the staff "Ishoaheq" {^Fragile Dex+6 Conj}
 45108 | Depths:3 | Reached XP level 27. HP: 256/256 MP: 16/23
 45355 | Hell     | Entered the Vestibule of Hell
 45355 | Hell     | Noticed Geryon
 45429 | Hell     | Killed Geryon
 45784 | Hell     | Received a gift from Trog
 45852 | Hell     | Found a gateway to the Iron City of Dis.
 45920 | Hell     | Found a gateway to the freezing wastes of Cocytus.
 45995 | Hell     | Found a gateway to the decaying netherworld of Tartarus.
 46048 | Hell     | Found a gateway to the ashen valley of Gehenna.
 46730 | Vaults:4 | Reached skill level 26 in Armour
 46964 | Vaults:5 | Noticed a dread lich
 46972 | Vaults:4 | Received a gift from Trog
 46998 | Vaults:4 | Killed a dread lich
 47231 | Vaults:4 | Gained mutation: Potions are less effective at restoring
                  | your health. [a shining eye]
 47652 | Vaults:5 | Identified the +9 scimitar "Qeal" {drain, rElec rPois Int-4
                  | Dex+3}
 47908 | Vaults:5 | Received a gift from Trog
 47992 | Vaults:5 | Reached skill level 27 in Armour
 48085 | Vaults:5 | Identified the amulet of Fragile Peace {Acrobat Rampage
                  | rPois rF+}
 48102 | Vaults:5 | Identified the +0 plate armour of the Stone Wall {rCorr
                  | Str+6 Int-3}
 48323 | Vaults:5 | Identified the staff of Apolamp {Fly rF+ Will- Tloc Earth}
 48497 | Vaults:5 | Identified the +4 trident "Xuotitiq" {protect, *Rage rF+++
                  | SInv Stlth+}
 48540 | Vaults:5 | Identified the +1 robe of the Gate {rF- rN+ Will- Dex+9}
 48564 | Vaults:5 | Identified the staff "Tarror" {rF+ rN++ rCorr Stlth- Fire}
 48639 | Vaults:5 | Identified the +6 shortbow of Amubreg {drain, rCorr}
 48752 | Vaults:5 | Got a silver rune of Zot
 49456 | Spider:2 | Killed iishen's ghost
 49464 | Spider:2 | Killed Cumifues's ghost
 49480 | Spider:2 | Killed Situkk's ghost
 49485 | Spider:2 | Killed Taul's ghost
 49793 | Zot:1    | Entered Level 1 of the Realm of Zot
 49933 | Zot:3    | Noticed an ancient lich
 49941 | Zot:2    | Killed an ancient lich
 50098 | Zot:3    | Identified the +9 flail "Midette" {flame, rC+ rN+ Str+3}
                  | (Trog gifted it to you on level 3 of the Realm of Zot)
 50098 | Zot:3    | Received a gift from Trog
 50212 | Zot:4    | Noticed an orb of fire
 50228 | Zot:4    | Gained mutation: Your spells are a little easier to cast,
                  | but a little less powerful. [an orb of fire]
 50237 | Zot:4    | Killed an orb of fire
 50368 | Zot:5    | Entered Level 5 of the Realm of Zot
 51308 | Zot:5    | Found a huge runed translucent gate.
 51308 | Zot:5    | Found a huge runed translucent gate.
 51308 | Zot:5    | Found a huge runed translucent gate.
 51308 | Zot:5    | Found a huge runed translucent gate.
 51308 | Zot:5    | Found a huge runed translucent gate.
 51308 | Zot:5    | Found a huge runed translucent gate.
 51309 | Zot:5    | Found a huge runed translucent gate.
 51310 | Zot:5    | Found a huge runed translucent gate.
 51311 | Zot:5    | Found a huge runed translucent gate.
 51311 | Zot:5    | Found a huge runed translucent gate.
 51312 | Zot:5    | Found a huge runed translucent gate.
 51312 | Zot:5    | Found a huge runed translucent gate.
 51313 | Zot:5    | Found a huge runed translucent gate.
 51313 | Zot:5    | Found a huge runed translucent gate.
 51318 | Zot:5    | Found a huge runed translucent gate.
 51318 | Zot:5    | Found a huge runed translucent gate.
 51319 | Zot:5    | Found a huge runed translucent gate.
 51320 | Zot:5    | Found a huge runed translucent gate.
 51321 | Zot:5    | Found a huge runed translucent gate.
 51322 | Zot:5    | Found a huge runed translucent gate.
 51323 | Zot:5    | Found a huge runed translucent gate.
 51324 | Zot:5    | Found a huge runed translucent gate.
 51324 | Zot:5    | Found a huge runed translucent gate.
 51329 | Zot:5    | Found a huge runed translucent gate.
 51330 | Zot:5    | Found a huge runed translucent gate.
 51330 | Zot:5    | Found a huge runed translucent gate.
 51330 | Zot:5    | Found a huge runed translucent gate.
 51331 | Zot:5    | Found a huge runed translucent gate.
 51332 | Zot:5    | Found a huge runed translucent gate.
 51336 | Zot:5    | Found a huge runed translucent gate.
 51337 | Zot:5    | Found a huge runed translucent gate.
 51337 | Zot:5    | Found a huge runed translucent gate.
 51460 | Zot:5    | Found a huge runed translucent gate.
 51461 | Zot:5    | Found a huge runed translucent gate.
 51462 | Zot:5    | Found a huge runed translucent gate.
 51463 | Zot:5    | Found a huge runed translucent gate.
 51556 | Zot:5    | Noticed an ancient lich
 51556 | Zot:5    | Noticed an ancient lich
 51556 | Zot:5    | Noticed an orb of fire
 51556 | Zot:5    | Noticed a dread lich
 51556 | Zot:5    | Noticed an ancient lich
 51995 | Zot:5    | Noticed a dread lich
 52001 | Zot:5    | Killed a dread lich
 52002 | Zot:5    | Noticed an orb of fire
 52012 | Zot:5    | Noticed an orb of fire
 52014 | Zot:5    | Killed an orb of fire
 52020 | Zot:5    | Gained mutation: You sometimes lose your temper in combat.
                  | [an orb of fire]
 52023 | Zot:5    | Gained mutation: You are vulnerable to cold. (rC-) [an orb
                  | of fire]
 52035 | Zot:5    | Gained mutation: You are dopey. (Int -2) [an orb of fire]
 52037 | Zot:5    | Gained mutation: Potions cannot restore your health. [an
                  | orb of fire]
 52039 | Zot:5    | Gained mutation: You occasionally lose the ability to drink
                  | potions when taking damage. [an orb of fire]
 52042 | Zot:5    | Killed an orb of fire
 52162 | Zot:5    | Lost mutation: You sometimes lose your temper in combat.
                  | [potion of mutation]
 52162 | Zot:5    | Lost mutation: Potions cannot restore your health. [potion
                  | of mutation]
 52162 | Zot:5    | Lost mutation: Potions are less effective at restoring your
                  | health. [potion of mutation]
 52162 | Zot:5    | Gained mutation: Your tail ends in a venomous barb. [potion
                  | of mutation]
 52162 | Zot:5    | Gained mutation: You have very sharp teeth. [potion of
                  | mutation]
 52163 | Zot:5    | Lost mutation: Your tail ends in a venomous barb. [potion
                  | of mutation]
 52163 | Zot:5    | Lost mutation: You have very sharp teeth. [potion of
                  | mutation]
 52163 | Zot:5    | Lost mutation: You are dopey. (Int -2) [potion of mutation]
 52163 | Zot:5    | Gained mutation: You have an increased reservoir of magic.
                  | (+10% MP) [potion of mutation]
 52163 | Zot:5    | Gained mutation: You expend magic power (3 MP) to
                  | strengthen your wands. [potion of mutation]
 52163 | Zot:5    | Gained mutation: You are weak. (Str -2) [potion of
                  | mutation]
 52163 | Zot:5    | Gained mutation: You are partially covered in iridescent
                  | scales. (AC +2) [potion of mutation]
 52170 | Zot:5    | Noticed an orb of fire
 52187 | Zot:5    | Killed an orb of fire
 52238 | Zot:5    | Noticed an orb of fire
 52272 | Zot:5    | Killed an orb of fire
 52364 | Zot:5    | Received a gift from Trog
 52433 | Zot:5    | Noticed an ancient lich
 52531 | Zot:5    | Noticed an ancient lich
 52537 | Zot:5    | Killed an ancient lich
 52540 | Zot:5    | Killed an ancient lich
 53045 | Zot:5    | Got the Orb of Zot
 53337 | D:11     | Noticed Sicalef the pandemonium lord
 53350 | D:11     | Killed Sicalef the pandemonium lord
 53533 | D:1      | Gained mutation: You are dopey. (Int -2) [a cacodemon]
 53539 | D:$      | Escaped with the Orb!

Illustrated notes

Levels and vault maps discovered:
D:1:      minmay_arrival_radiant_lines, layout_rooms
D:2:      layout_loops_corners, ebering_ecumenical_altar_rust, minmay_guardbox
D:3:      layout_loops_cross, grunt_decor_junction, minmay_crystal_room
D:4:      layout_loops_ring, minmay_temple_entry_junction,
          nicolae_kite_square_tiling_tiny, uniq_crazy_yiuf_cottage
D:5:      layout_rooms, portal_sewer_entry_f
D:6:      layout_gridville, serial_shops, nicolae_take_the_stairs
D:7:      layout_basic, kennysheep_another_room
D:8:      layout_cave_pools, kennysheep_cluttered_room, minmay_evil_grid
D:9:      layout_roguey, mainiacjoe_overflow_brackets, lair_entry_dummy,
          kennysheep_path_1, nicolae_letterblocks [nicolae_letter_subblock,
          nicolae_letter_subblock, nicolae_letter_subblock,
          nicolae_letter_subblock, nicolae_letter_subblock,
          nicolae_letter_subblock, nicolae_letter_subblock,
          nicolae_letter_subblock, nicolae_letter_subblock,
          nicolae_letter_subblock, nicolae_letter_subblock,
          nicolae_letter_subblock, nicolae_letter_subblock,
          nicolae_letter_subblock, nicolae_letter_subblock,
          nicolae_letter_subblock, nicolae_letter_subblock,
          nicolae_letter_subblock, nicolae_letter_subblock,
          nicolae_letter_subblock, nicolae_letter_subblock,
          nicolae_letter_subblock, nicolae_letter_subblock,
          nicolae_letter_subblock, nicolae_letter_subblock]
D:10:     layout_cave_pools, uniq_josephine
D:11:     layout_irregular_city, serial_shops, nicolae_shop_scrapyard,
          chequers_serial_rivers_small_b, nicolae_vehumet_altar_sigil,
          uniq_erica
D:12:     layout_basic, david_orc_3, eino_curves_03, kennysheep_boxes
D:13:     layout_long_grid, david_vaults_2, billiards_dpeg
D:14:     layout_irregular_city, gammafunk_ghost_door_vault, serial_park_tiny_2,
          minmay_circle_x, uniq_frances, uniq_snorg, uniq_louise
D:15:     hellmonk_depths_entry_around_the_bend, layout_cave_pools,
          good_gods_temple_1, nicolae_uskayaw_murder_on_the_dancefloor
Lair:1:   layout_cellular_growth, pdpol_lair_neglected_garden,
          serial_bayou_shore_b, lemuel_fruit_fields
Lair:2:   layout_chaotic_city, elwin_shoals_entry_stream, grunt_megastairs_3
Lair:3:   layout_long_grid, spider_nest_entry_web_field,
          gammafunk_ghost_abyssal_escape, serial_bayou_pond_c, minivault_25,
          uniq_amaemon
Lair:4:   layout_roguey, minmay_slime_entry_pillars, lemuel_centaur_altar
Lair:5:   due_jungle_book, layout_regular_city, gammafunk_ghost_split,
          st_stairs_7
Shoals:1: layout_shoals, portal_ice_cave_entry_ugly_swarm, uniq_nikola
Shoals:2: layout_shoals, serial_shops, bzr_in_the_mist, overgrown_statue,
          uniq_polyphemus
Shoals:3: cheibrodos_shoals_epimethial_gifts, layout_shoals, serial_shops,
          shop_scrolls, uniq_bai_suzhen, uniq_ilsuiw
Shoals:4: shoals_end_hangedman, layout_shoals, shoal_ilsuiw, nicolae_tricolors
Spider:1: layout_spider_delve, hellmonk_test_site, uniq_mlioglotl, uniq_agnes
Spider:2: layout_spider_delve, gammafunk_ghost_cemetery,
          hangedman_spider_tarantella_strand
Spider:3: layout_spider_delve, uniq_jorgrun
Spider:4: grunt_spider_rune_circles, guppyfry_spider_mini_3
Orc:1:    layout_caves, basic_altar, mines2_lemuel
Orc:2:    st_orc_mages, layout_diamond_mine
Elf:1:    eino_elf_arrival_sip, layout_onion_city,
          kennysheep_underground_church, uniq_aizul
Elf:2:    elven_hall_of_blades_hangedman_alternative
          [nicolae_blade_entry_area_security], layout_geoelf_diagonals,
          nrook_loot_triangle, minmay_shop_star
Elf:3:    minmay_elf_hall_x, layout_geoelf_grid, nicolae_trove_entry_crystal,
          serial_shops, nicolae_lakefront_shop, st_stairs_11
Vaults:1: nicolae_vaults_storage_closets_1, nicolae_vaults_double_plus_2,
          hangedman_vaults_stretched_pinwheel, v_misc_23,
          nicolae_vaults_murderbox, ontoclasm_vaults_idyll, v_alt_pattern_2,
          grunt_vaults_funnel, v_misc_10, v_misc_29, vaults_dpeg_doors,
          vaults_room_octagon, v_misc_4, nicolae_vaults_little_squares_6,
          v_misc_24, nicolae_vaults_tetromino_Z_2, vaults_dpeg_emergency_exit,
          layout_vaults_maze
Vaults:2: infiniplex_enter_wizlab_glasses, vaults_room_fours,
          nicolae_vaults_tetromino_L_1, nicolae_vaults_tangram_2, v_misc_22,
          nicolae_vaults_wine_cellar, vaults_room_large_hall,
          nicolae_vaults_heart-shaped_vault, layout_vaults_chaotic_city,
          dummy_crypt_entry
Vaults:3: ontoclasm_vaults_pinch, nicolae_vaults_c_with_doors,
          nicolae_vaults_lightning_bolt, hangedman_vaults_river_flow,
          nicolae_vaults_more_shelving_1, nicolae_vaults_house_2,
          vaults_mumra_hex, layout_vaults_omnigrid, serial_shops, shop,
          uniq_margery
Vaults:4: v_misc_8, nicolae_vaults_trapezoid_4, grunt_vaults_twisty,
          nicolae_vaults_shrinking_rooms_1, v_misc_1,
          nicolae_vaults_stairing_the_circle, v_misc_19,
          ontoclasm_vaults_hangar, ontoclasm_vaults_chip,
          nicolae_vaults_weapon_check, nicolae_vaults_storing_the_good_stuff,
          layout_vaults_omnicross
Vaults:5
Depths:1: layout_basic, enter_ziggurat_f, serial_shops,
          nicolae_shop_tiny_real_fake_doors, minmay_misc_feat_more_columns,
          hellmouth_1, rand_demon_pan_entry_4, beargit_elvish_explorers,
          uniq_saint_roka
Depths:2: grunt_arcs, layout_basic, serial_shops,
          nicolae_shop_bloodbath_and_beyond, hell_entry,
          nemelex_xobeh_ov_fountains_minmay, grunt_pan_entry_spiral,
          minmay_room_of_horrors, minmay_staircase_windowed_small
Depths:3: lemuel_river_lethe, hell_entry, abyss_entry, serial_shops
Depths:4: lemuel_castle_with_subvaults [lemuel_castle_interior_original],
          layout_cave_pools, hell_entry, serial_bayou_pond_a
Hell
Zot:1:    layout_gridville, nicolae_tricolors
Zot:2:    layout_basic, st_single_dragon_hoard_1, grunt_ministairs_5,
          regret_index_zotdec_dark_gr
Zot:3:    ebering_klown_carousel, layout_cathedral_of_symmetry
Zot:4:    layout_twisted_circle, gammafunk_ghost_tricky_traps,
          grunt_megastairs_5
Zot:5:    layout_gridlike, door_vault

Skill      XL: |  1  2  3  4  5  6  7  8  9 10 11 12 13 14 15 16 17 18 19 20 21 22 23 24 25 26 27 |
---------------+----------------------------------------------------------------------------------+-----
Maces & Flails | 4 5 6 7 9 11 13 16 17 | 17.0
Fighting       | 8 10 13 15 16 19 20 25 | 25.9
Armour         | 7 10 12 15 17 20 22 25 27 | 27.0
Shields        | 7 10 13 15 19 20 | 20.0
Dodging        | 7 10 | 10.0
Evocations     | 7 10 | 10.0

Action                     |  1- 3 |  4- 6 |  7- 9 | 10-12 | 13-15 | 16-18 | 19-21 | 22-24 | 25-27 || total
---------------------------+-------+-------+-------+-------+-------+-------+-------+-------+-------++-------
  Melee: Mace              |   123 |    60 |       |       |       |       |       |       |       ||   183
         Flail             |       |   232 |   328 |   497 |       |       |       |       |       ||  1057
         Punch             |       |     3 |     4 |       |       |       |       |       |       ||     7
         Demon whip        |       |       |       |    92 |  1330 |       |       |       |       ||  1422
         Constrict         |       |       |       |       |   237 |   275 |   277 |   241 |   248 ||  1278
         Eveningstar       |       |       |       |       |    62 |  1132 |  1179 |  1303 |  1646 ||  5322
  Throw: Dart              |       |       |     1 |       |       |       |       |       |       ||     1
 Invoke: Berserk           |       |     3 |     6 |     9 |     4 |     2 |     3 |     1 |     4 ||    32
         Brothers in Arms  |       |       |     1 |     1 |       |       |     2 |       |       ||     4
         Trog's Hand       |       |       |       |     2 |     2 |     1 |     4 |     2 |     2 ||    13
Ability: Spit Poison       |     1 |     8 |    11 |     4 |       |       |       |       |       ||    24
  Evoke: Wand              |       |       |     3 |     1 |       |     5 |     2 |     2 |     6 ||    19
         Lightning rod     |       |       |       |     2 |       |       |       |       |       ||     2
         Phantom mirror    |       |       |       |       |       |       |       |     1 |       ||     1
         Condenser vane    |       |       |       |       |       |       |       |       |     1 ||     1
    Use: Scroll            |       |     4 |     8 |    14 |    13 |     8 |     9 |     4 |    26 ||    86
         Potion            |       |     6 |     1 |     4 |       |     2 |     5 |     2 |    17 ||    37
   Stab: Invisible         |       |       |     1 |       |       |       |       |       |       ||     1
         Distracted        |       |       |       |     1 |       |       |       |     1 |       ||     2
         Petrified         |       |       |       |       |       |     6 |       |       |       ||     6
         Petrifying        |       |       |       |       |       |     1 |       |       |       ||     1
 Armour: Plate armour      |   175 |   329 |   322 |       |   217 |  1355 |  1106 |       |       ||  3504
         Animal skin       |     2 |       |       |       |       |       |       |       |       ||     2
         Chain mail        |       |       |    30 |   476 |   727 |       |       |       |       ||  1233
         Fire dragon scale |       |       |       |       |       |       |    23 |  1262 |  1140 ||  2425
         Gold dragon scale |       |       |       |       |       |       |       |       |  1198 ||  1198
  Dodge: Dodged            |    12 |    28 |    47 |   107 |   200 |   509 |   505 |   617 |  1062 ||  3087
  Block: Kite shield       |       |       |       |   165 |   439 |   459 |   944 |  1083 |  1669 ||  4759
         Tower shield      |       |       |       |       |    92 |   935 |       |       |       ||  1027
